 Dungeon Crawl Stone Soup version 0.30-a0-313-gae38170b09 (webtiles) character file.

Game seed: 2373063227312133717

6423 funkygono the Thaumaturge (level 10, -6/53 HPs)
             Began as a Gargoyle Fire Elementalist on Oct 26, 2022.
             Was a Priest of Vehumet.
             Mangled by a death yak (17 damage)
             ... on level 10 of the Dungeon.
             The game lasted 00:19:57 (9636 turns).

funkygono the Thaumaturge (GrFE)                    Turns: 9636, Time: 00:19:57

Health: -6/53      AC: 29    Str: 16    XL:     10   Next: 98%
Magic:  3/32       EV: 12    Int: 19    God:    Vehumet [***...]
Gold:   2439       SH:  5    Dex: 10    Spells: 9/27 levels left

rFire   . . .      SeeInvis .    D - +0 mace (protect)
rCold   . . .      Faith    .    (no shield)
rNeg    + . .      Spirit   .    b - +4 steam dragon scales
rPois   ∞          Reflect  +    (no helmet)
rElec   +          Harm     .    B - +2 cloak
rCorr   .          Rampage  .    i - +2 pair of gloves {Str+3}
Will    .....                    C - +2 pair of boots
Stlth   ++........               f - amulet of reflection
HPRegen 0.28/turn                a - ring of magical power
MPRegen 0.23/turn                n - +4 ring of protection

@: no status effects
A: sickness immunity, AC +7, negative energy resistance 1, electricity
resistance, torment resistance 1, petrification resistance
a: Renounce Religion


You were on level 10 of the Dungeon.
You worshipped Vehumet.
Vehumet was most pleased with you.
You visited 2 branches of the dungeon, and saw 11 of its levels.

You collected 2834 gold pieces.
You spent 395 gold pieces at shops.

Inventory:

Hand Weapons
 h - a +2 whip
 D - a +0 mace of protection (weapon)
 L - a +4 morningstar
 N - a +3 whip
 O - a +5 mace of freezing
Missiles
 E - 2 throwing nets
Armour
 b - +4 steam dragon scales (worn)
 i - a +2 pair of gloves of strength (worn)
 y - a +2 scale mail of poison resistance
 B - a +2 cloak (worn)
 C - a +2 pair of boots (worn)
Magical Staves
 P - a staff of earth
Jewellery
 a - a ring of magical power (left hand)
 f - an amulet of reflection (around neck)
 k - a ring of ice
 n - a +4 ring of protection (right hand)
 w - a ring of protection from fire
 x - the ring of Hamal {rPois rF+ Str+4 Int+2}
   (You found it on level 3 of the Dungeon)

   [ring of poison resistance]

   Str:       It affects your strength (+4).
   Int:       It affects your intelligence (+2).
   rF:        It protects you from fire.
   rPois:     It protects you from poison.
 I - a ring of positive energy
 K - a +4 ring of slaying
Wands
 u - a wand of mindburst (8)
 G - a wand of flame (12)
 H - a wand of roots (6)
Scrolls
 e - 8 scrolls of teleportation
 g - 3 scrolls of blinking
 m - a scroll of magic mapping
 o - 2 scrolls of amnesia
 J - a scroll of fear
Potions
 c - a potion of cancellation
 d - 5 potions of mutation
 j - 3 potions of curing
 l - a potion of ambrosia
 p - 2 potions of heal wounds
 q - a potion of invisibility
 r - a potion of might
 s - 2 potions of attraction
 t - a potion of brilliance
 v - a potion of resistance {unknown}
 z - 2 potions of lignification
 A - a potion of degeneration {unknown}
 F - a potion of haste {unknown}
 M - 2 potions of berserk rage {unknown}


   Skills:
 + Level 1.9 Fighting
 + Level 1.6 Maces & Flails
 + Level 2.7 Dodging
 - Level 2.1 Stealth
 + Level 1.8 Shields
 * Level 9.4 Spellcasting
 * Level 7.0 Conjurations
 * Level 9.3 Fire Magic
 * Level 6.1 Earth Magic


You had 9 spell levels left.
You knew the following spells:

 Your Spells              Type           Power      Damage    Failure   Level
a - Foxfire               Conj/Fire      100%       2x1d9     1%          1
b - Scorch                Fire           88%        2d9       1%          2
c - Kindle Blastsparks    Fire/Tloc/Air  40%        2d13      1%          3
d - Flame Wave            Conj/Fire      40%        2d11      1%          4
e - Sandblast             Erth           64%        2d14      1%          1
f - Stone Arrow           Conj/Erth      68%        3d11      1%          3
g - Kiss of Death         Conj/Necr      88%        2d12      1%          1
h - Magic Dart            Conj           100%       1d8       1%          1
i - Searing Ray           Conj           70%        2d7       1%          2

Your spell library contained the following spells:

 Spells                   Type           Power      Damage    Failure   Level
 Inner Flame              Hex/Fire       26%        N/A       1%          3
 Passwall                 Tmut/Erth      16%        N/A       3%          2
 Petrify                  Tmut/Erth      20%        N/A       22%         4
 Metabolic Englaciation   Hex/Ice        4%         N/A       91%         5
 Statue Form              Tmut/Erth      Unusable   N/A       N/A         6

Dungeon Overview and Level Annotations

Branches:
Dungeon (10/15)            Temple (1/1) D:5            Lair (0/5) D:10
    Orc (0/2) D:10

Altars:
Ashenzari
Dithmenos
Elyvilon
Fedhas
Gozag
Hepliaklqana
Kikubaaqudgha
Makhleb
Okawaru
Qazlal
Ru
Sif Muna
Trog
Uskayaw
Vehumet
Wu Jian
Xom
Yredelemnul
Zin
The Shining One

Shops:
D:1 *   D:5 **!   D:8 *


Innate Abilities, Weirdness & Mutations

You are immune to sickness and miasma.
Your stone body is resilient. (AC +7)
You are immune to poison.
You resist negative energy. (rN+)
You are resistant to electric shocks. (rElec)
You are resistant to unholy torment.
You are immune to petrification.


Message History

The death yak misses you.
Casting: Stone Arrow (safe; 1% risk of failure)
Confirm with . or Enter, or press ? or * to list all spells.
You don't have enough magic to cast this spell.
Unknown command.
Unknown command.
Casting: Stone Arrow (safe; 1% risk of failure)
Confirm with . or Enter, or press ? or * to list all spells.
You conjure some foxfire!
The death yak barely misses you.
You barely miss the death yak.
The death yak is severely wounded.
The death yak gores you!
A centaur comes into view. It is wielding a +0 shortbow.
The death yak gores you!
A river rat comes into view.
The centaur moves out of view.
You hit the death yak but do no damage.
Your weapon exudes an aura of protection.
The death yak is severely wounded.
The death yak gores you!
* * * LOW HITPOINT WARNING * * *
Your foxfire dissipates!
You see here a scroll of magic mapping.
Items here: (( ))).
The death yak attacks as you move away!
The death yak gores you but does no damage.
Things that are here:
a +0 dagger; a +0 robe The death yak attacks as you move away!
The death yak gores you.
* * * LOW HITPOINT WARNING * * *
A hell rat comes into view.
The hell rat roars deafeningly!
A hobgoblin zombie comes into view.
The death yak attacks as you move away! You block the death yak's attack.
A two-headed ogre zombie comes into view.
The hell rat bites you but does no damage.
There is a stone staircase leading up here.
The hell rat bites you but does no damage.
The death yak gores you!
You die...

*,******,****
##*****,* *^,,,,
###.,,,,,,* *,,,,,
#...,,,,*** **,**,
#.#.***,* *,**,
#.#.##*,*********,**,
#.*..#*,#,,,,,,,*,*,,
#.##.##.#...,,,,*,,,,
#))Y@........,,,**,*,
##Y#r###.....,,,**,*,
#)#.###.....,,,***,,
#Y#.........,,,****,
#.#O.##.....,,,,* *,
#c#rr##.####***,***,
#...Z.Z.#**,,,,,,,,,
###Z.##....,,,,,,,,,
********
*.........,,,,,,,*,


You could see 2 death yaks, a two-headed ogre, a hell rat, 2 river rats, a
hobgoblin zombie and a two-headed ogre zombie.

Vanquished Creatures
  A two-headed ogre (D:8)
  A death yak (D:10)
  A kobold demonologist (D:10)
  A troll (D:9)
  A wraith (D:10)
  A wyvern (D:8)
  3 yaks (D:8)
  A steam dragon (D:6)
  Eustachio (D:6)
  Grum (D:8)
  Menkaure (D:6)
  An acid dragon (D:9)
  Duvessa (D:6)
  A sky beast (D:6)
  An orc warrior (D:9)
  An ice beast (D:7)
  3 wolves (D:8)
  An ogre (D:6)
  A phantom (D:6)
  A kobold brigand (D:10)
  A necrophage (D:7)
  4 bullfrogs
  6 scorpions
  9 wights (D:9)
  Dowan (D:6)
  7 killer bees
  3 jellies
  2 gnoll boudas
  5 orc priests
  3 hounds
  Jessica (D:3)
  2 iguanas (D:6)
  11 orc wizards
  A hell rat (D:10)
  An ogre zombie (D:10)
  10 gnolls
  13 adders
  A shadow imp (D:6)
  3 white imps
  2 ufetubi (D:4)
  4 worms
  24 orcs
  10 ball pythons
  5 endoplasms
  A giant cockroach (D:1)
  6 goblins
  3 hobgoblins
  2 jackals (D:1)
  11 kobolds
  A quokka (D:4)
  4 bats
  5 frilled lizards (D:1)
  2 goblin skeletons (D:10)
  A hobgoblin zombie (D:10)
  2 orc zombies (D:10)
  2 rats
193 creatures vanquished.

Vanquished Creatures (others)
  A ball python (D:3)
  495 foxfires
496 creatures vanquished.

Grand Total: 689 creatures vanquished

Notes
Turn   | Place    | Note
-------+----------+-------------------------------------------
     0 | D:1      | funkygono the Gargoyle Fire Elementalist began the quest
                  | for the Orb.
     0 | D:1      | Reached XP level 1. HP: 10/10 MP: 3/3
   148 | D:1      | Found Zaguwnyurph's Assorted Antiques.
   244 | D:1      | Reached XP level 2. HP: 10/15 MP: 0/5
   247 | D:1      | Learned a level 2 spell: Scorch
  1025 | D:2      | Reached XP level 3. HP: 19/19 MP: 3/6
  1029 | D:2      | Learned a level 3 spell: Kindle Blastsparks
  1073 | D:2      | You fall into a shaft and drop 1 floor!
  1099 | D:3      | Noticed Jessica
  1103 | D:3      | Killed Jessica
  1107 | D:3      | Reached XP level 4. HP: 24/24 MP: 0/7
  2469 | D:3      | Identified the ring of Hamal {rPois rF+ Str+4 Int+2}
  2887 | D:4      | Reached XP level 5. HP: 28/28 MP: 7/9
  3277 | D:4      | Reached XP level 6. HP: 11/32 MP: 1/11
  3526 | D:4      | Reached skill level 5 in Fire Magic
  3830 | D:4      | Identified a scroll of acquirement
  3830 | D:4      | Acquired 1129 gold pieces
  3882 | D:4      | Learned a level 4 spell: Flame Wave
  3884 | D:4      | Learned a level 1 spell: Sandblast
  3980 | D:5      | Entered Level 5 of the Dungeon
  3985 | D:5      | Found Doaraps's Specific Store.
  3990 | D:5      | Found Suosuc's General Store.
  4095 | D:5      | Bought a scroll of identify for 20 gold pieces
  4095 | D:5      | Bought a scroll of enchant weapon for 75 gold pieces
  4228 | D:1      | Bought a pair of embroidered gloves for 180 gold pieces
  4228 | D:1      | Bought a glowing pearl ring for 120 gold pieces
  4393 | D:5      | Reached XP level 7. HP: 35/37 MP: 2/13
  4492 | D:5      | Found a staircase to the Ecumenical Temple.
  4647 | Temple   | Entered the Ecumenical Temple
  4653 | Temple   | Became a worshipper of Vehumet
  4980 | D:5      | Reached skill level 1 in Maces & Flails
  5090 | D:5      | Found Odoe's Distillery.
  5142 | D:5      | Found a glowing golden altar of the Shining One.
  5381 | D:5      | Learned a level 3 spell: Stone Arrow
  5564 | D:5      | Found a sacrificial altar of Ru.
  5745 | D:5      | Acquired 1185 gold pieces
  5869 | D:6      | Noticed Menkaure
  5875 | D:6      | Killed Menkaure
  5876 | D:6      | Reached skill level 5 in Spellcasting
  5876 | D:6      | Reached XP level 8. HP: 42/42 MP: 7/15
  6195 | D:6      | Reached * piety under Vehumet
  6195 | D:6      | Offered knowledge of Kiss of Death by Vehumet.
  6278 | D:6      | Reached skill level 1 in Fighting
  6502 | D:6      | Reached XP level 9. HP: 46/47 MP: 10/18
  6514 | D:6      | Noticed Eustachio
  6517 | D:6      | Killed Eustachio
  6656 | D:6      | Noticed Duvessa
  6656 | D:6      | Noticed Dowan
  6664 | D:6      | Killed Dowan
  6665 | D:6      | Killed Duvessa
  6901 | D:6      | Learned a level 1 spell: Kiss of Death
  7152 | D:7      | Reached ** piety under Vehumet
  7152 | D:7      | Offered knowledge of Magic Dart by Vehumet.
  7766 | D:7      | Learned a level 1 spell: Magic Dart
  7813 | D:8      | Noticed a two-headed ogre
  7821 | D:8      | Killed a two-headed ogre
  7822 | D:8      | Reached skill level 5 in Conjurations
  7994 | D:8      | Noticed Grum
  8000 | D:8      | Reached XP level 10. HP: 42/53 MP: 14/22
  8002 | D:8      | Killed Grum
  8182 | D:8      | Reached skill level 5 in Earth Magic
  8396 | D:8      | Found Okifuc's Lightly-Used Armoury.
  8700 | D:9      | Reached skill level 1 in Shields
  9039 | D:9      | Offered knowledge of Searing Ray by Vehumet.
  9551 | D:9      | Learned a level 2 spell: Searing Ray
  9578 | D:10     | Entered Level 10 of the Dungeon
  9579 | D:10     | Noticed a kobold demonologist
  9583 | D:10     | Killed a kobold demonologist
  9610 | D:10     | Noticed a death yak
  9611 | D:10     | Noticed a death yak
  9623 | D:10     | Killed a death yak
  9624 | D:10     | Noticed a death yak
  9624 | D:10     | Reached *** piety under Vehumet
  9626 | D:10     | Noticed a two-headed ogre
  9636 | D:10     | Mangled by a death yak

Illustrated notes

Levels and vault maps discovered:
D:1:      roderic_octagonal_star, layout_loops_ring, serial_shops, shop,
          minmay_tiny_reverse_x
D:2:      layout_basic
D:3:      layout_rooms, st_stairs_9, lemuel_flame_loot_1, uniq_jessica
D:4:      layout_loops_ring
D:5:      layout_basic, tso_altar, mainiacjoe_overflow_alcove_4,
          minmay_temple_entry_mini_moons, serial_shops, shop,
          nicolae_specific_store, minmay_strange_pillars
D:6:      layout_rooms, uniq_eustachio, uniq_duvessa, uniq_menkaure
D:7:      layout_basic, roderic_three_in_a_row
D:8:      layout_rooms, minmay_shop_damaged, uniq_grum
D:9:      layout_gridville, hangedman_glass_garden, hangedman_decor_lopped,
          dreamdust_deal_with_the_devil, dreamdust_princess_bridge,
          corexii_checkpoint_a
D:10:     layout_loops_cross, slow_altar_2, nemelex_diamond_rough_becter,
          dpeg_lair_monsters, zombieorc2_lemuel, enter_bailey_4,
          ebering_ghost_funeral_grove, nicolae_shop_vocational, uniq_harold
Temple:   eino_narrow_crystal_temple

Skill      XL: |  1  2  3  4  5  6  7  8  9 10 |
---------------+-------------------------------+-----
Fire Magic     | 4 5 6 7 8 9 |  9.3
Spellcasting   | 3 4 5 6 8 9 |  9.4
Conjurations   | 2 3 4 5 7 |  7.0
Maces & Flails | 1 |  1.6
Dodging        | 2 |  2.7
Earth Magic    | 2 4 6 |  6.1
Fighting       | 1 |  1.9
Shields        | 1 |  1.8
Stealth        | |  2.1

Action                   |  1- 3 |  4- 6 |  7- 9 | 10-12 || total
-------------------------+-------+-------+-------+-------++-------
Melee: Unarmed           |     8 |       |       |       ||     8
       Punch             |     2 |       |       |       ||     2
       Club              |     7 |       |       |       ||     7
       Whip              |     6 |    23 |    30 |       ||    59
       Mace              |       |       |       |    28 ||    28
 Cast: Foxfire           |    38 |   103 |   101 |    50 ||   292
       Scorch            |     1 |    12 |    29 |     3 ||    45
       Sandblast         |       |       |    13 |       ||    13
       Flame Wave        |       |       |     6 |    11 ||    17
       Stone Arrow       |       |       |    10 |    26 ||    36
  Use: Scroll            |       |    21 |    10 |     3 ||    34
       Potion            |       |       |     2 |       ||     2
Armor: Robe              |     7 |    19 |    22 |       ||    48
       Steam dragon scal |       |       |    18 |    37 ||    55
Dodge: Dodged            |    28 |    45 |    38 |    39 ||   150
Block: Other             |       |       |    22 |    14 ||    36

Table legend: (Time is in decaauts)
 A = Elapsed time spent in this place.
 B = Non-inter-level travel time spent in this place.
 C = Inter-level travel time spent in this place.
 D = Time resting spent in this place.
 E = Time spent auto-exploring this place.
 F = Levels seen in this place.
 G = Mean time per level.
                   A        B        C        D        E       F      G
               +--------+--------+--------+--------+--------+-----+--------+
         Total |   9661 |   9153 |    508 |    401 |   7392 |  11 |  878.3 |
       Dungeon |   9436 |   8943 |    493 |    401 |   7197 |  10 |  943.6 |
        Temple |    225 |    211 |     14 |      0 |    195 |   1 |  225.0 |
               +--------+--------+--------+--------+--------+-----+--------+

Top non-repeatable levels by time:
     D:5: 1423 daAuts
     D:4: 1330 daAuts
     D:9: 1100 daAuts
     D:6: 1052 daAuts
     D:2: 1026 daAuts
     D:1: 1020 daAuts
     D:7: 880 daAuts
     D:3: 847 daAuts
     D:8: 687 daAuts
  Temple: 225 daAuts
    D:10: 66 daAuts
